 Dungeon Crawl Stone Soup version 0.29.0-4-gdea44cf6ec (webtiles) character file.

Game seed: 8648558214874504277

53 qw the Chopper (level 3, -2/21 HPs)
             Began as a Tengu Warper on Aug 28, 2022.
             Slain by a gnoll
             ... wielding a +0 spear
              (3 damage)
             ... on level 3 of the Dungeon.
             The game lasted 00:00:24 (1690 turns).

qw the Chopper (Tengu Warper)                       Turns: 1690, Time: 00:00:24

Health: -2/21      AC:  9    Str: 19    XL:     3   Next: 89%
Magic:  7/7        EV: 14    Int: 11    God:
Gold:   73         SH:  0    Dex: 13    Spells: 6/6 levels left

rFire   + . .      SeeInvis .   Y - +1 hand axe
rCold   . . .      Faith    .   (no shield)
rNeg    . . .      Spirit   .   j - +2 scale mail {rPois}
rPois   +          Reflect  .   (helmet restricted)
rElec   .          Harm     .   n - +0 cloak
rCorr   .          Rampage  .   (no gloves)
Will    .....                   (boots unavailable)
Stlth   ..........              (no amulet)
HPRegen 0.07/turn               m - +6 ring of strength
MPRegen 0.10/turn               s - +4 ring of evasion

@: about to teleport
A: beak, talons 3, dopey 1, fire resistance 1, sense surroundings 1
a: no special abilities


You were on level 3 of the Dungeon.
You visited 1 branch of the dungeon, and saw 3 of its levels.

You collected 73 gold pieces.


Innate Abilities, Weirdness & Mutations

You have a beak for a mouth.
You have claws for feet.
You are dopey. (Int -2)
Your flesh is heat resistant. (rF+)
You passively map a small area around you.


   Skills:
 - Level 2.0 Fighting
 + Level 4.5 Axes
 - Level 1.0 Throwing
 - Level 1.1 Armour
 - Level 2.1 Dodging
 - Level 2.0 Spellcasting
 - Level 2.4 Translocations


You had 6 spell levels left.
You didn't know any spells.
Your spell library contained the following spells:

 Spells                   Type           Power      Damage    Failure   Level
 Blink                    Tloc           12%        N/A       45%         2
 Gell's Gravitas          Tloc           6%         N/A       71%         3
 Lesser Beckoning         Tloc           6%         N/A       71%         3
 Teleport Other           Tloc           6%         N/A       71%         3
 Manifold Assault         Tloc           6%         N/A       100%        5

Inventory:

Hand Weapons
 g - a +0 mace
 Y - a +1 hand axe (weapon)
Missiles
 c - 5 silver javelins (quivered)
 d - 2 boomerangs of dispersal
Armour
 j - a +2 scale mail of poison resistance (worn)
 n - a +0 cloak (worn)
 r - a +0 chain mail
Jewellery
 m - a +6 ring of strength (left hand)
 s - a +4 ring of evasion (right hand)
Potions
 a - a potion of berserk rage {unknown}
 e - a potion of degeneration {unknown}
 h - a potion of attraction {unknown}
 i - a potion of ambrosia {unknown}
 k - a potion of mutation
 p - a potion of might {unknown}
 q - a potion of curing {unknown}
 t - a potion of cancellation {unknown}

Dungeon Overview and Level Annotations

Branches:
Dungeon (3/15)

Altars:

Shops:
D:1 (


Message History

You closely miss the gnoll.
The gnoll is lightly wounded.
The gnoll barely misses you. The gnoll hits you but does no damage.
You barely miss the gnoll.
The gnoll is lightly wounded.
The gnoll closely misses you. The gnoll completely misses you.
You hit the gnoll. Your kick misses the gnoll. Your punch misses the gnoll.
The gnoll is moderately wounded.
The gnoll closely misses you. The gnoll hits you with a +0 whip.
The gnoll barely misses you.
You barely miss the gnoll. You peck the gnoll.
The gnoll is heavily wounded.
The gnoll hits you but does no damage.
The gnoll hits you from afar with a +0 spear.
The gnoll barely misses you.
The gnoll hits you but does no damage. x2
You hit the gnoll. You claw the gnoll. Your peck misses the gnoll.
The gnoll is almost dead.
The gnoll barely misses you.
The gnoll hits you from afar with a +0 spear.
The gnoll barely misses you.
You hit the gnoll.
You kill the gnoll!
The gnoll misses you. The gnoll closely misses you.
The gnoll closely misses you.
You hit the gnoll. You peck the gnoll, but do no damage.
The gnoll is lightly wounded.
The gnoll closely misses you.
You barely miss the gnoll. Your peck misses the gnoll.
The gnoll is lightly wounded.
You hit the gnoll. The gnoll hits you with a +0 spear. x2
1689 ||| READING scroll of teleportation.
As you read the scroll of teleportation, it crumbles to dust.
You feel strangely unstable. The gnoll hits you with a +0 spear.
The gnoll completely misses you.
You closely miss the gnoll.
The gnoll is moderately wounded.
You hit the gnoll. The gnoll closely misses you.
The gnoll hits you with a +0 spear.
You die...

, , * .. , * # ,
>... *** * *.#
..... *, #.#. *
.....# *,#.#.#.
, , *, ,....#
,#.#.#.## *
,.[#.#,#.#.#g#..
*' #.#.#g#.#.#..
* * #.#@#.#.#.#
* * #g#.#.#.# ,*
*,*,#.#)#.#.# ,
, #.#.#g#.# ,
,#.#.#.#<#.#, ,
,#.#.#.#.#.#.#
#.#S#.#.# #.#.#
, , #.#.#.#.#,
#.#. *, .#.#.#.#
, #.# *,


You could see 2 gnolls.

Vanquished Creatures
  2 gnolls
  A worm (D:2)
  A dart slug (D:2)
  4 endoplasms
  2 giant cockroaches
  5 goblins
  4 hobgoblins
  A quokka (D:1)
  A ball python (D:2)
  2 frilled lizards (D:1)
  2 kobolds (D:1)
  3 rats (D:1)
28 creatures vanquished.

Vanquished Creatures (others)
  4 toadstools (D:1)
4 creatures vanquished.

Grand Total: 32 creatures vanquished

Notes
Turn   | Place    | Note
-------+----------+-------------------------------------------
     0 | D:1      | qw the Tengu Warper began the quest for the Orb.
     0 | D:1      | Reached XP level 1. HP: 12/12 MP: 4/4
     0 | D:1      | 0 ||| qw: Version: 0.1-a-89-g26bdef1
     0 | D:1      | 0 ||| qw: Game counter: 3405
     0 | D:1      | 0 ||| qw: Always use a shield: true
     0 | D:1      | 0 ||| qw: God list: Okawaru
     0 | D:1      | 0 ||| qw: Allow faded altars: false
     0 | D:1      | 0 ||| qw: Do Orc after D:15 true
     0 | D:1      | 0 ||| qw: Do second Lair branch before Depths: true
     0 | D:1      | 0 ||| qw: Lair rune preference: random
     0 | D:1      | 0 ||| qw: Plans: Normal
     0 | D:1      | 0 ||| PLANNING D:1-11
    21 | D:1      | 21 ||| DROPPING scroll of blinking.
    22 | D:1      | 22 ||| Stepping randomly (stuck).
    23 | D:1      | 23 ||| Stepping randomly (stuck).
    24 | D:1      | 24 ||| Stepping randomly (stuck).
    25 | D:1      | 25 ||| Stepping randomly (stuck).
    26 | D:1      | 26 ||| Stepping randomly (stuck).
    27 | D:1      | 27 ||| Stepping randomly (stuck).
    28 | D:1      | 28 ||| Stepping randomly (stuck).
    29 | D:1      | 29 ||| Stepping randomly (stuck).
    30 | D:1      | 30 ||| Stepping randomly (stuck).
    31 | D:1      | 31 ||| Stepping randomly (stuck).
    32 | D:1      | 32 ||| Stepping randomly (stuck).
    33 | D:1      | 33 ||| Stepping randomly (stuck).
    34 | D:1      | 34 ||| Stepping randomly (stuck).
    35 | D:1      | 35 ||| Stepping randomly (stuck).
    36 | D:1      | 36 ||| Stepping randomly (stuck).
    37 | D:1      | 37 ||| Stepping randomly (stuck).
    38 | D:1      | 38 ||| Stepping randomly (stuck).
    39 | D:1      | 39 ||| Stepping randomly (stuck).
    40 | D:1      | 40 ||| Stepping randomly (stuck).
    41 | D:1      | 41 ||| Stepping randomly (stuck).
    42 | D:1      | 42 ||| Stepping randomly (stuck).
    43 | D:1      | 43 ||| Stepping randomly (stuck).
    44 | D:1      | 44 ||| Stepping randomly (stuck).
    45 | D:1      | 45 ||| Stepping randomly (stuck).
    46 | D:1      | 46 ||| Stepping randomly (stuck).
    47 | D:1      | 47 ||| Stepping randomly (stuck).
    48 | D:1      | 48 ||| Stepping randomly (stuck).
    49 | D:1      | 49 ||| Stepping randomly (stuck).
    50 | D:1      | 50 ||| Stepping randomly (stuck).
    51 | D:1      | 51 ||| Stepping randomly (stuck).
    52 | D:1      | 52 ||| Stepping randomly (stuck).
    53 | D:1      | 53 ||| Stepping randomly (stuck).
    54 | D:1      | 54 ||| Stepping randomly (stuck).
    55 | D:1      | 55 ||| Stepping randomly (stuck).
    56 | D:1      | 56 ||| Stepping randomly (stuck).
    57 | D:1      | 57 ||| Stepping randomly (stuck).
    58 | D:1      | 58 ||| Stepping randomly (stuck).
    59 | D:1      | 59 ||| Stepping randomly (stuck).
    60 | D:1      | 60 ||| Stepping randomly (stuck).
    61 | D:1      | 61 ||| Stepping randomly (stuck).
    62 | D:1      | 62 ||| Stepping randomly (stuck).
    63 | D:1      | 63 ||| Stepping randomly (stuck).
    64 | D:1      | 64 ||| Stepping randomly (stuck).
    65 | D:1      | 65 ||| Stepping randomly (stuck).
    66 | D:1      | 66 ||| Stepping randomly (stuck).
    67 | D:1      | 67 ||| Stepping randomly (stuck).
    68 | D:1      | 68 ||| Stepping randomly (stuck).
    69 | D:1      | 69 ||| Stepping randomly (stuck).
    70 | D:1      | 70 ||| Stepping randomly (stuck).
    71 | D:1      | 71 ||| Stepping randomly (stuck).
    72 | D:1      | 72 ||| Stepping randomly (stuck).
    73 | D:1      | 73 ||| Stepping randomly (stuck).
    74 | D:1      | 74 ||| Stepping randomly (stuck).
    75 | D:1      | 75 ||| Stepping randomly (stuck).
    76 | D:1      | 76 ||| Stepping randomly (stuck).
    77 | D:1      | 77 ||| Stepping randomly (stuck).
    78 | D:1      | 78 ||| Stepping randomly (stuck).
    79 | D:1      | 79 ||| Stepping randomly (stuck).
    80 | D:1      | 80 ||| Stepping randomly (stuck).
    81 | D:1      | 81 ||| Stepping randomly (stuck).
    82 | D:1      | 82 ||| Stepping randomly (stuck).
    83 | D:1      | 83 ||| Stepping randomly (stuck).
    84 | D:1      | 84 ||| Stepping randomly (stuck).
    85 | D:1      | 85 ||| Stepping randomly (stuck).
    86 | D:1      | 86 ||| Stepping randomly (stuck).
    87 | D:1      | 87 ||| Stepping randomly (stuck).
    88 | D:1      | 88 ||| Stepping randomly (stuck).
    89 | D:1      | 89 ||| Stepping randomly (stuck).
    90 | D:1      | 90 ||| Stepping randomly (stuck).
    91 | D:1      | 91 ||| Stepping randomly (stuck).
    92 | D:1      | 92 ||| Stepping randomly (stuck).
    93 | D:1      | 93 ||| Stepping randomly (stuck).
    94 | D:1      | 94 ||| Stepping randomly (stuck).
    95 | D:1      | 95 ||| Stepping randomly (stuck).
    96 | D:1      | 96 ||| Stepping randomly (stuck).
    97 | D:1      | 97 ||| Stepping randomly (stuck).
    98 | D:1      | 98 ||| Stepping randomly (stuck).
    99 | D:1      | 99 ||| Stepping randomly (stuck).
   100 | D:1      | 100 ||| Stepping randomly (stuck).
   101 | D:1      | 101 ||| Stepping randomly (stuck).
   102 | D:1      | 102 ||| Stepping randomly (stuck).
   103 | D:1      | 103 ||| Stepping randomly (stuck).
   104 | D:1      | 104 ||| Stepping randomly (stuck).
   105 | D:1      | 105 ||| Stepping randomly (stuck).
   106 | D:1      | 106 ||| Stepping randomly (stuck).
   107 | D:1      | 107 ||| Stepping randomly (stuck).
   108 | D:1      | 108 ||| Stepping randomly (stuck).
   109 | D:1      | 109 ||| Stepping randomly (stuck).
   110 | D:1      | 110 ||| Stepping randomly (stuck).
   111 | D:1      | 111 ||| Stepping randomly (stuck).
   112 | D:1      | 112 ||| Stepping randomly (stuck).
   113 | D:1      | 113 ||| Stepping randomly (stuck).
   114 | D:1      | 114 ||| Stepping randomly (stuck).
   115 | D:1      | 115 ||| Stepping randomly (stuck).
   116 | D:1      | 116 ||| Stepping randomly (stuck).
   117 | D:1      | 117 ||| Stepping randomly (stuck).
   118 | D:1      | 118 ||| Stepping randomly (stuck).
   119 | D:1      | 119 ||| Stepping randomly (stuck).
   120 | D:1      | 120 ||| Stepping randomly (stuck).
   121 | D:1      | 121 ||| Stepping randomly (stuck).
   122 | D:1      | 122 ||| Stepping randomly (stuck).
   123 | D:1      | 123 ||| Stepping randomly (stuck).
   124 | D:1      | 124 ||| Stepping randomly (stuck).
   125 | D:1      | 125 ||| Stepping randomly (stuck).
   126 | D:1      | 126 ||| Stepping randomly (stuck).
   127 | D:1      | 127 ||| Stepping randomly (stuck).
   128 | D:1      | 128 ||| Stepping randomly (stuck).
   129 | D:1      | 129 ||| Stepping randomly (stuck).
   130 | D:1      | 130 ||| Stepping randomly (stuck).
   131 | D:1      | 131 ||| Stepping randomly (stuck).
   132 | D:1      | 132 ||| Stepping randomly (stuck).
   133 | D:1      | 133 ||| Stepping randomly (stuck).
   134 | D:1      | 134 ||| Stepping randomly (stuck).
   135 | D:1      | 135 ||| Stepping randomly (stuck).
   136 | D:1      | 136 ||| Stepping randomly (stuck).
   137 | D:1      | 137 ||| Stepping randomly (stuck).
   138 | D:1      | 138 ||| Stepping randomly (stuck).
   139 | D:1      | 139 ||| Stepping randomly (stuck).
   140 | D:1      | 140 ||| Stepping randomly (stuck).
   141 | D:1      | 141 ||| Stepping randomly (stuck).
   142 | D:1      | 142 ||| Stepping randomly (stuck).
   143 | D:1      | 143 ||| Stepping randomly (stuck).
   144 | D:1      | 144 ||| Stepping randomly (stuck).
   145 | D:1      | 145 ||| Stepping randomly (stuck).
   146 | D:1      | 146 ||| Stepping randomly (stuck).
   147 | D:1      | 147 ||| Stepping randomly (stuck).
   148 | D:1      | 148 ||| Stepping randomly (stuck).
   149 | D:1      | 149 ||| Stepping randomly (stuck).
   150 | D:1      | 150 ||| Stepping randomly (stuck).
   151 | D:1      | 151 ||| Stepping randomly (stuck).
   152 | D:1      | 152 ||| Stepping randomly (stuck).
   153 | D:1      | 153 ||| Stepping randomly (stuck).
   154 | D:1      | 154 ||| Stepping randomly (stuck).
   155 | D:1      | 155 ||| Stepping randomly (stuck).
   156 | D:1      | 156 ||| Stepping randomly (stuck).
   157 | D:1      | 157 ||| Stepping randomly (stuck).
   158 | D:1      | 158 ||| Stepping randomly (stuck).
   159 | D:1      | 159 ||| Stepping randomly (stuck).
   160 | D:1      | 160 ||| Stepping randomly (stuck).
   161 | D:1      | 161 ||| Stepping randomly (stuck).
   162 | D:1      | 162 ||| Stepping randomly (stuck).
   163 | D:1      | 163 ||| Stepping randomly (stuck).
   164 | D:1      | 164 ||| Stepping randomly (stuck).
   165 | D:1      | 165 ||| Stepping randomly (stuck).
   166 | D:1      | 166 ||| Stepping randomly (stuck).
   167 | D:1      | 167 ||| Stepping randomly (stuck).
   168 | D:1      | 168 ||| Stepping randomly (stuck).
   169 | D:1      | 169 ||| Stepping randomly (stuck).
   170 | D:1      | 170 ||| Stepping randomly (stuck).
   171 | D:1      | 171 ||| Stepping randomly (stuck).
   172 | D:1      | 172 ||| Stepping randomly (stuck).
   173 | D:1      | 173 ||| Stepping randomly (stuck).
   174 | D:1      | 174 ||| Stepping randomly (stuck).
   175 | D:1      | 175 ||| Stepping randomly (stuck).
   176 | D:1      | 176 ||| Stepping randomly (stuck).
   177 | D:1      | 177 ||| Stepping randomly (stuck).
   178 | D:1      | 178 ||| Stepping randomly (stuck).
   179 | D:1      | 179 ||| Stepping randomly (stuck).
   180 | D:1      | 180 ||| Stepping randomly (stuck).
   181 | D:1      | 181 ||| Stepping randomly (stuck).
   182 | D:1      | 182 ||| Stepping randomly (stuck).
   183 | D:1      | 183 ||| Stepping randomly (stuck).
   184 | D:1      | 184 ||| Stepping randomly (stuck).
   185 | D:1      | 185 ||| Stepping randomly (stuck).
   186 | D:1      | 186 ||| Stepping randomly (stuck).
   187 | D:1      | 187 ||| Stepping randomly (stuck).
   188 | D:1      | 188 ||| Stepping randomly (stuck).
   189 | D:1      | 189 ||| Stepping randomly (stuck).
   190 | D:1      | 190 ||| Stepping randomly (stuck).
   191 | D:1      | 191 ||| Stepping randomly (stuck).
   192 | D:1      | 192 ||| Stepping randomly (stuck).
   193 | D:1      | 193 ||| Stepping randomly (stuck).
   194 | D:1      | 194 ||| Stepping randomly (stuck).
   195 | D:1      | 195 ||| Stepping randomly (stuck).
   196 | D:1      | 196 ||| Stepping randomly (stuck).
   197 | D:1      | 197 ||| Stepping randomly (stuck).
   198 | D:1      | 198 ||| Stepping randomly (stuck).
   199 | D:1      | 199 ||| Stepping randomly (stuck).
   200 | D:1      | 200 ||| Stepping randomly (stuck).
   201 | D:1      | 201 ||| Stepping randomly (stuck).
   202 | D:1      | 202 ||| Stepping randomly (stuck).
   203 | D:1      | 203 ||| Stepping randomly (stuck).
   204 | D:1      | 204 ||| Stepping randomly (stuck).
   205 | D:1      | 205 ||| Stepping randomly (stuck).
   206 | D:1      | 206 ||| Stepping randomly (stuck).
   207 | D:1      | 207 ||| Stepping randomly (stuck).
   208 | D:1      | 208 ||| Stepping randomly (stuck).
   209 | D:1      | 209 ||| Stepping randomly (stuck).
   210 | D:1      | 210 ||| Stepping randomly (stuck).
   211 | D:1      | 211 ||| Stepping randomly (stuck).
   212 | D:1      | 212 ||| Stepping randomly (stuck).
   213 | D:1      | 213 ||| Stepping randomly (stuck).
   214 | D:1      | 214 ||| Stepping randomly (stuck).
   215 | D:1      | 215 ||| Stepping randomly (stuck).
   216 | D:1      | 216 ||| Stepping randomly (stuck).
   217 | D:1      | 217 ||| Stepping randomly (stuck).
   218 | D:1      | 218 ||| Stepping randomly (stuck).
   219 | D:1      | 219 ||| Stepping randomly (stuck).
   220 | D:1      | 220 ||| Stepping randomly (stuck).
   221 | D:1      | 221 ||| Stepping randomly (stuck).
   304 | D:2      | Found a faded altar of an unknown god.
   469 | D:2      | 469 ||| Stepping ~*~*~tactically~*~*~ (stealth).
   475 | D:2      | Reached skill level 3 in Axes
   475 | D:2      | Reached XP level 2. HP: 11/17 MP: 6/6
  1010 | D:2      | 1010 ||| Stepping ~*~*~tactically~*~*~ (stealth).
  1046 | D:2      | 1046 ||| UPGRADING to +2 scale mail of poison resistance.
  1056 | D:2      | 1056 ||| DROPPING +0 leather armour.
  1057 | D:2      | 1057 ||| READING 2 scrolls labelled CEONGE MIDICK.
  1058 | D:2      | 1058 ||| READING 2 scrolls labelled ACWAMO TAAWNI.
  1059 | D:2      | 1059 ||| READING scroll labelled QEBIMAGEMU.
  1060 | D:2      | 1060 ||| READING scroll labelled ESEMPI EBBU CAIFUN.
  1064 | D:2      | 1064 ||| DROPPING scroll of immolation.
  1065 | D:2      | 1065 ||| DROPPING scroll of fog.
  1082 | D:1      | 1082 ||| Stepping ~*~*~tactically~*~*~ (stealth).
  1083 | D:1      | 1083 ||| Stepping ~*~*~tactically~*~*~ (stealth).
  1087 | D:1      | Reached XP level 3. HP: 21/21 MP: 7/7
  1211 | D:1      | Found Kyenkaimm's Weapon Shop.
  1514 | D:1      | Reached skill level 4 in Axes
  1579 | D:1      | 1579 ||| UPGRADING to +0 cloak.
  1584 | D:1      | 1584 ||| UPGRADING to +6 ring of strength.
  1585 | D:1      | 1585 ||| UPGRADING to +4 ring of evasion.
  1586 | D:1      | 1586 ||| READING scroll labelled VYPUFFETTU.
  1587 | D:1      | 1587 ||| READING scroll labelled GIDGHOI ETOE.
  1588 | D:1      | 1588 ||| READING scroll labelled GIH TOIFEMARHI.
  1589 | D:1      | 1589 ||| DRINKING 2 sapphire potions.
  1589 | D:1      | Gained mutation: You are dopey. (Int -2) [potion of
                  | mutation]
  1589 | D:1      | Gained mutation: Your flesh is heat resistant. (rF+)
                  | [potion of mutation]
  1589 | D:1      | Gained mutation: You passively map a small area around you.
                  | [potion of mutation]
  1619 | D:3      | 1619 ||| STAIRDANCE
  1676 | D:3      | 1676 ||| Stepping ~*~*~tactically~*~*~ (hiding).
  1677 | D:3      | 1677 ||| Stepping ~*~*~tactically~*~*~ (hiding).
  1678 | D:3      | 1678 ||| Stepping ~*~*~tactically~*~*~ (stealth).
  1688 | D:3      | HP: 2/21 [gnoll/+0 spear (5)]
  1689 | D:3      | 1689 ||| READING scroll of teleportation.
  1690 | D:3      | Slain by a gnoll

Levels and vault maps discovered:
D:1:      ldierk_water_garden, layout_basic, serial_shops, shop
D:2:      layout_loops_cross, ebering_ecumenical_altar_webs
D:3:      cheibrodos_old_hovel, layout_basic, fedhas_ov_isle_minmay,
          mainiacjoe_overflow_24_doors, nicolae_titane

Skill      XL: |  1  2  3 |
---------------+----------+-----
Axes           | 3 4 |  4.5
Fighting       | |  2.0
Throwing       | |  1.0
Armour         | |  1.1
Dodging        | |  2.1
Spellcasting   | |  2.0
Translocations | |  2.4

Action                   || total
-------------------------++-------
Melee: Hand axe          ||    32
       Kick              ||     9
       Peck              ||     7
Throw: Javelin           ||    26
       Boomerang         ||     5
  Use: Scroll            ||     8
       Potion            ||     1
Armor: Leather armour    ||     1
       Scale mail        ||     6
Dodge: Dodged            ||    20

Table legend:
 A = Non-vault XP
 B = Vault XP
 C = Vault XP percentage of total XP
 D = Non-vault monster count
 E = Vault monster count
 F = Vault count percentage of total count
                 A         B        C        D         E       F
            +---------+---------+-------+---------+---------+-------
      Total |      77 |       0 |   0.0 |      28 |       0 |   0.0
            +---------+---------+-------+---------+---------+-------
        D:1 |      22 |       0 |   0.0 |      15 |       0 |   0.0
        D:2 |      40 |       0 |   0.0 |      12 |       0 |   0.0
        D:3 |      15 |       0 |   0.0 |       1 |       0 |   0.0
            +---------+---------+-------+---------+---------+-------
